AoeStats
← undercat

Arabia

508412822Analyzed
1v1 RM · 11d ago on Sep 22, 2026· 68m 59s· 2 players
Game mode
Random Map
Map size
Tiny (2 player)
Population
200
Speed
Normal
Resources
Standard
Victory
Conquest
Starting age
Dark Age
Ending age
Imperial Age
RankedLock teamsTeams togetherTeam positionsShared explorationLock speedFull tech treeHidden civsTurbo modeCheats
Victory
Defeat
🇧🇷 Ethiopians · Brazil
934
+17
🇹🇼 Mongols · Taiwan
949
-17
Siqueira
6:59 Loom
10:00 Feudal Age
20:39 Castle Age
20:18 Fletching
20:30 Scale Mail Armor
22:43 Crossbowman
26:55 Bodkin Arrow
30:38 Imperial Age
31:18 Padded Archer Armor
52:51 Elite Skirmisher
undercat
6:45 Loom
8:47 Feudal Age
18:14 Castle Age
17:26 Fletching
17:52 Double-Bit Axe
19:15 Husbandry
20:24 Bow Saw
22:41 Bodkin Arrow
23:26 Padded Archer Armor
26:30 Bloodlines
29:19 Scale Barding Armor
36:04 Ballistics
40:33 Chain Barding Armor
44:14 Forging
44:44 Leather Archer Armor
Connection lost

Rejoining the realm…

Still unreachable

The connection could not be restored.

Session expired

The server has moved on; the page needs a fresh start.